 Dungeon Sprint DCSS version 0.31-a0-154-g56bf346678 (webtiles) character file.

Game seed: 12927240494325570572

278 rocky1 the Cleaver (level 8, -1/74 HPs)
             Began as a Minotaur Gladiator on June 12, 2023.
             Was an Elder of Okawaru.
             Slain by Aizul (9 damage)
             ... in the Dungeon (Sprint VI: "Thunderdome").
             The game lasted 00:03:43 (731 turns).

rocky1 the Cleaver (Minotaur Gladiator)              Turns: 731, Time: 00:03:44

Health: -1/74      AC:  3    Str: 20    XL:     8   Next: 15%
Magic:  7/7        EV: 16    Int:  5    God:    Okawaru [****..]
Gold:   306        SH:  0    Dex: 13    Spells: 7/7 levels left

rFire   . . .        a - +0 war axe
rCold   . . .        (no shield)
rNeg    . . .        b - +0 leather armour
rPois   .            c - +0 hat
rElec   .            (no cloak)
rCorr   .            (no gloves)
SInv    .            (no boots)
Will    .....        (no amulet)
Stlth   +            (no ring)
HPRegen 0.32/turn    (no ring)
MPRegen 0.10/turn

%: no teleportation
@: lethally poisoned (-1 -> -12), hasted, very quick
A: horns 2, retaliatory headbutt
a: Renounce Religion, Heroism, Finesse


You were in the Dungeon.
You worshipped Okawaru.
Okawaru was greatly pleased with you.
You visited 1 branch You collected 600 gold pieces.
You spent 294 gold pieces at shops.

Inventory:

Hand Weapons
 a - a +0 war axe (weapon)
Missiles
 d - 3 throwing nets
 e - a javelin (quivered)
Armour
 b - a +0 leather armour (worn)
 c - a +0 hat (worn)
Wands
 m - a wand of acid (5)
 n - a wand of roots (2)
Scrolls
 k - 4 scrolls of blinking
 o - 3 scrolls of fog
Potions
 f - 4 potions of curing
 g - 6 potions of heal wounds
 h - 3 potions of haste
 i - 2 potions of magic


   Skills:
 + Level 7.8 Fighting
 + Level 14.5 Axes
 + Level 4.9 Throwing
 + Level 5.1 Armour
 + Level 11.2 Dodging
 - Level 1.8 Evocations


You had 7 spell levels left.
You didn't know any spells.
Your spell library was empty.

Dungeon Overview and Level Annotations

Branches:
Dungeon (1/1)

Altars:
Cheibriados
Dithmenos
Fedhas
Gozag
Kikubaaqudgha
Makhleb
Okawaru
Qazlal
Ru
Sif Muna
Trog
Uskayaw
Vehumet
Wu Jian
Xom
Yredelemnul
Zin
The Shining One
Lugonu

Shops:
D *[??*?*:[((!!!!

Annotations:
D Aizul


Innate Abilities, Weirdness & Mutations

You have a pair of horns on your head.
You reflexively headbutt those who attack you in melee.


Message History

You hit Aizul but do no damage. You headbutt Aizul, but do no damage.
You miss Aizul.
You feel sick. Aizul casts a spell at you. The poison arrow hits you!
You are more poisoned.
You closely miss Aizul.
You feel very sick.
Aizul coils herself and waves her upper body at you.
The poison arrow misses you.
You closely miss Aizul. Your headbutt misses Aizul.
You feel sick. Aizul hits you.
You feel better. Aizul casts a spell at you.
You fall asleep.
Aizul hits you!
You wake up.
You hit Aizul but do no damage. You headbutt Aizul, but do no damage.
Aizul closely misses you.
You closely miss Aizul. Your headbutt misses Aizul. Aizul misses you.
You furiously retaliate!
You headbutt Aizul! You hit Aizul but do no damage.
Aizul is lightly wounded.
Unknown command.
You hit Aizul but do no damage.
Aizul is lightly wounded.
Aizul hits you.
You hit Aizul but do no damage. Your headbutt misses Aizul.
Aizul is lightly wounded.
Aizul misses you.
You hit Aizul.
Aizul is lightly wounded.
Aizul casts a spell at you. The bolt of poison hits you!
You are poisoned.
* * * LOW HITPOINT WARNING * * *
You closely miss Aizul. Your headbutt misses Aizul.
Aizul is lightly wounded.
* * * LOW HITPOINT WARNING * * *
You feel very sick. Aizul hits you!
You die...

............###.............##
..÷......###...###..........⌠#
.........# #.<.# #..........⌠#
.........###...###..........⌠#
............###.............#
#∩........8.# #.8........∩#
##∩___......###......__.∩##
######.8.........8.######
#⌠........@S.⌠#
###.........### #_......._#
#........_# #_......._#
#∩.......∩# ##∩.....∩##
##.....## ##⌠⌠⌠##


You could see Aizul.

Vanquished Creatures
  2 fire elementals (D)
  4 fire bats (D)
  A phantom (D)
  4 necrophages (D)
  An adder skeleton (D)
  3 bat skeletons (D)
  A bat zombie (D)
  2 ball python skeletons (D)
  4 ball python zombies (D)
  A quokka skeleton (D)
23 creatures vanquished.

Notes
Turn   | Place    | Note
-------+----------+-------------------------------------------
     0 | D        | rocky1 the Minotaur Gladiator began the quest for the Orb.
     0 | D        | Reached XP level 1. HP: 18/18 MP: 0/0
     3 | D        | Found a snail-covered altar of Cheibriados.
     4 | D        | Found a burning altar of Makhleb.
     5 | D        | Found a shadowy altar of Dithmenos.
     5 | D        | Found a bloodstained altar of Trog.
     5 | D        | Round 1.
     6 | D        | Found a stormy altar of Qazlal.
     6 | D        | Found an iron altar of Okawaru.
     6 | D        | Found Ekhyjy's Staff Store.
     6 | D        | Found Jerph's Magic Scroll Shop.
     7 | D        | Found Bizuci's Must-Have Magic.
     7 | D        | Found Rusunt's Magic Scroll Shop.
    10 | D        | Found a shimmering altar of Xom.
    11 | D        | Found a sacrificial altar of Ru.
    18 | D        | Became a worshipper of Warmaster Okawaru
    19 | D        | Noticed a phantom
    22 | D        | Found a glowing golden altar of the Shining One.
    25 | D        | Killed a phantom
    25 | D        | Reached * piety under Okawaru
    26 | D        | Reached skill level 7 in Axes
    26 | D        | Reached XP level 2. HP: 27/27 MP: 1/1
    26 | D        | Reached XP level 3. HP: 33/33 MP: 2/2
    26 | D        | Reached XP level 4. HP: 40/40 MP: 3/3
    43 | D        | Found an opulent altar of Gozag.
    44 | D        | Found Acwocaev's Distillery.
    46 | D        | Found a shimmering blue altar of Sif Muna.
    46 | D        | Found a hide-covered altar of Uskayaw.
    46 | D        | Found Hufyrch's Do-It-Yourself Clinic.
    48 | D        | Found Jetiperch's Distillery.
    48 | D        | Found Aghealier's Bottled Wisdom.
    67 | D        | Found a glowing silver altar of Zin.
    67 | D        | Found a blossoming altar of Fedhas.
    67 | D        | Found Azam's Identification Station.
    68 | D        | Found Ryjai's Jewellery.
    68 | D        | Found Loyzaly's Advanced Armour.
    74 | D        | Found a corrupted altar of Lugonu.
    76 | D        | Found a basalt altar of Yredelemnul.
    79 | D        | Found Rogras's Premium Goods.
    80 | D        | Found Mell's Miscellaneous Merchandise.
    80 | D        | Found Virunea's Basic Armour.
    82 | D        | Found an ancient bone altar of Kikubaaqudgha.
    82 | D        | Found a radiant altar of Vehumet.
    82 | D        | Found an ornate altar of the Wu Jian Council.
    82 | D        | Found Wapai's Weapon Rack.
    84 | D        | Noticed a necrophage
    93 | D        | Killed a necrophage
    93 | D        | Arena points: 12 (+12) [x2]
    94 | D        | Reached skill level 8 in Axes
    94 | D        | Reached XP level 5. HP: 40/47 MP: 4/4
   132 | D        | Round 2.
   230 | D        | Reached skill level 9 in Axes
   263 | D        | Reached skill level 5 in Fighting
   265 | D        | Reached ** piety under Okawaru
   265 | D        | Arena points: 54 (+42) [x3]
   266 | D        | Reached skill level 11 in Axes
   266 | D        | Reached XP level 6. HP: 32/57 MP: 5/5
   325 | D        | Round 3.
   330 | D        | Noticed a fire bat
   346 | D        | Killed a fire bat
   347 | D        | Reached skill level 12 in Axes
   347 | D        | Reached skill level 1 in Evocations
   374 | D        | Noticed a fire bat
   381 | D        | Killed a fire bat
   381 | D        | Reached *** piety under Okawaru
   382 | D        | Reached skill level 10 in Dodging
   382 | D        | Reached XP level 7. HP: 34/64 MP: 6/6
   441 | D        | Noticed a fire elemental
   447 | D        | Killed a fire elemental
   448 | D        | Reached skill level 13 in Axes
   450 | D        | Noticed a fire bat
   451 | D        | Noticed a fire bat
   451 | D        | Noticed a fire elemental
   458 | D        | Killed a fire bat
   463 | D        | Killed a fire bat
   463 | D        | Killed a fire elemental
   463 | D        | Reached **** piety under Okawaru
   463 | D        | Received a gift from Okawaru
   463 | D        | Arena points: 138 (+84) [x4]
   464 | D        | Reached skill level 14 in Axes
   464 | D        | Reached skill level 5 in Armour
   464 | D        | Reached XP level 8. HP: 31/74 MP: 7/7
   524 | D        | Round 4.
   549 | D        | Bought 4 potions of curing for 84 gold pieces
   549 | D        | Bought 3 potions of heal wounds for 105 gold pieces
   549 | D        | Bought 3 potions of heal wounds for 105 gold pieces
   693 | D        | Arena points: 278 (+140) [x5]
   714 | D        | Round 5.
   715 | D        | Noticed Aizul
   731 | D        | Slain by Aizul

Illustrated notes

Levels and vault maps discovered:
D:        arena_sprint

Skill      XL: |  1  2  3  4  5  6  7 |
---------------+----------------------+-----
Fighting       | 3 4 5 6 7 |  7.8
Axes           | 7 8 11 12 14 | 14.5
Throwing       | 3 4 |  4.9
Dodging        | 6 7 9 10 11 | 11.2
Armour         | 2 3 5 |  5.1
Evocations     | 1 |  1.8

Action                     |  1- 3 |  4- 6 |  7- 9 || total
---------------------------+-------+-------+-------++-------
  Melee: War axe           |     1 |    34 |    32 ||    67
         Headbutt          |     1 |    10 |     5 ||    16
         Punch             |       |     1 |       ||     1
  Throw: Javelin           |       |       |     3 ||     3
  Evoke: Wand              |     1 |     2 |       ||     3
    Use: Potion            |     1 |     2 |     5 ||     8
 Armour: Leather armour    |       |     9 |     8 ||    17
  Dodge: Dodged            |       |    39 |    29 ||    68

Table legend: (Time is in decaauts)
 A = Elapsed time spent in this place.
 B = Non-inter-level travel time spent in this place.
 C = Inter-level travel time spent in this place.
 D = Time resting spent in this place.
 E = Time spent auto-exploring this place.
 F = Levels seen in this place.
 G = Mean time per level.
                   A        B        C        D        E       F      G
               +--------+--------+--------+--------+--------+-----+--------+
         Total |    735 |    735 |      0 |    339 |      0 |   1 |  735.0 |
       Dungeon |    735 |    735 |      0 |    339 |      0 |   1 |  735.0 |
               +--------+--------+--------+--------+--------+-----+--------+

Top non-repeatable levels by time:
       D: 735 daAuts
